 Dungeon Crawl Stone Soup version 0.23-a0-619-g281719c (webtiles) character file.

176662 Lanoc the Phalangite (level 18, -1/151 HPs)
             Began as a Merfolk Berserker on Dec 22, 2018.
             Was the Champion of Trog.
             Slain by a large abomination (26 damage)
             ... on level 2 of the Abyss on Dec 23, 2018.
             The game lasted 02:58:08 (35054 turns).

Lanoc the Phalangite (Merfolk Berserker)           Turns: 35054, Time: 02:58:09

Health: -1/151     AC: 16    Str: 25      XL:     18   Next: 14%
Magic:  18/18      EV: 18    Int:  4 (6)  God:    Trog [******]
Gold:   3543       SH:  0    Dex: 11      Spells: 17/17 levels left

rFire    + + .     SeeInvis .   r - +10 glaive "Cesi" {drain, rPois Str+3 Stlth-}
rCold    + + .     Gourm    .   (shield currently unavailable)
rNeg     . . .     Faith    .   R - +0 ice dragon scales
rPois    +         Spirit   .   p - +0 hat
rElec    .         Reflect  .   a - +0 cloak
rCorr    .         Harm     .   (no gloves)
MR       +....     Rnd*Tele +   I - +0 pair of boots
Stlth    +.........             Y - amulet "Iheopiop" {Acrobat rF+}
HPRegen  0.00/turn              w - ring "Ysugiag" {rF+ Str+2 Dex-2 Stlth+}
MPRegen  0.16/turn              t - ring of Shadows {Umbra +Inv Stlth+}

@: non-regenerating, diseased, wreathed by umbra
A: change form in water, swift swim, stealthy swim, rugged brown scales 1,
[dopey 1], fire resistance 1, screaming 1, [teleportitis 1], [weak 2],
MP-powered wands
a: Berserk, Trog's Hand, Brothers in Arms, Renounce Religion, Evoke Invisibility


You were on level 2 of the Abyss.
You worshipped Trog.
Trog was exalted by your worship.
You were not hungry.

You visited 6 branches of the dungeon, and saw 29 of its levels.
You visited the Abyss 1 time.
You visited 1 bazaar.
You also visited: Ossuary, Bailey, Gauntlet and Ice Cave.

You collected 4123 gold pieces.
You spent 580 gold pieces at shops.

Inventory:

Hand Weapons
 r - the +10 glaive "Cesi" (weapon) {drain, rPois Str+3 Stlth-}
   (Trog gifted it to you on level 2 of the Orcish Mines)

   A truly terrible weapon, it drains the life of those it strikes.
   It affects your strength (+3).
   It protects you from poison.
   It makes you less stealthy.
 x - a +1 blowgun
 C - a +9 antimagic bardiche
 N - a +2 glaive of flaming
 X - the +0 spear of Leklerch {pierce, rN+ Int+4 Dex+6}
   (You found it in a Gauntlet)

   It inflicts extra damage upon your enemies.
   It affects your intelligence (+4).
   It affects your dexterity (+6).
   It protects you from negative energy.
Missiles
 g - 8 exploding tomahawks
 k - 9 throwing nets
 v - a curare-tipped needle
 B - 20 silver tomahawks (quivered)
 K - 11 needles of frenzy
Armour
 a - a +0 cloak (worn)
 p - a +0 hat (worn)
 F - the +0 cloak of an ice cave {rN+++ Str-5 Dex+8 Slay-4}
   (You acquired it on level 5 of the Lair of Beasts)

   It affects your strength (-5).
   It affects your dexterity (+8).
   It affects your accuracy and damage with ranged weapons and melee attacks
   (-4).
   It renders you almost immune to negative energy.
 I - a +0 pair of boots (worn)
 P - a +2 scale mail of fire resistance
 R - +0 ice dragon scales (worn)
Jewellery
 h - the ring of the Neverending Queens {Ice rElec Int+6 Stlth+}
   (You found it on level 4 of the Shoals)

   [ring of ice]

   It enhances your ice magic.
   It affects your intelligence (+6).
   It makes you vulnerable to fire.
   It protects you from cold.
   It insulates you from electricity.
   It makes you more stealthy.
 t - the ring of Shadows (right hand) {Umbra +Inv Stlth+}
   (You found it in a Gauntlet)

   [ring of stealth]

   It lets you turn invisible.
   It makes you more stealthy.
 u - an uncursed ring of see invisible
 w - the ring "Ysugiag" (left hand) {rF+ Str+2 Dex-2 Stlth+}
   (You found it on level 13 of the Dungeon)

   [ring of strength]

   It affects your strength (+2).
   It affects your dexterity (-2).
   It protects you from fire.
   It makes you more stealthy.
 Y - the amulet "Iheopiop" (around neck) {Acrobat rF+}
   (You found it in a Gauntlet)

   [amulet of the acrobat]

   It helps you evade while moving and waiting.
   It protects you from fire.
Wands
 b - a wand of enslavement (22)
 f - a wand of paralysis (33)
 A - a wand of digging (14)
 H - a wand of iceblast (26)
 O - a wand of disintegration (43)
 U - a wand of clouds (5)
 V - a wand of scattershot (3)
Scrolls
 d - a scroll of magic mapping
 j - a scroll of identify
 n - 9 scrolls of remove curse
 o - 5 scrolls of enchant weapon
 q - 8 scrolls of enchant armour
 s - 9 scrolls of teleportation
 z - 3 scrolls of blinking
 G - a scroll of acquirement
 J - 3 scrolls of fog
 M - 5 scrolls of fear
 S - a scroll of summoning
 T - a scroll of brand weapon
Potions
 e - 3 potions of cancellation
 i - 2 potions of haste
 l - a potion of agility
 m - 2 potions of might
 E - a potion of invisibility
 L - 4 potions of flight
 W - 2 potions of resistance
Miscellaneous
 y - a phial of floods
Comestibles
 c - 33 rations


   Skills:
 + Level 14.7 Fighting
 * Level 24.2 Polearms
 + Level 13.2 Throwing
 + Level 9.8 Armour
 + Level 16.9 Dodging


You had 17 spell levels left.
You didn't know any spells.
Your spell library was empty.

Dungeon Overview and Level Annotations

Branches:
Dungeon (15/15)            Temple (1/1) D:7            Lair (6/6) D:9
 Shoals (4/4) Lair:3        Snake (0/4) Lair:4        Slime (0/5) Lair:6
    Orc (2/2) D:10            Elf (0/3) Orc:2        Vaults (0/5) D:13
 Depths (1/5) D:15

Altars:
Ashenzari
Elyvilon
Fedhas
Gozag
Kikubaaqudgha
Okawaru
Sif Muna
Wu Jian
Yredelemnul
The Shining One
Beogh
Jiyva

Shops:
Orc:2 [(([   Shoals:1 !

Portals:
Trove: D:13 (give 2 scrolls of acquirement)

Annotations:
D:13 Two scrolls of acquirement for treasure trove
Lair:3 2 transporters
Shoals:2 3 runed doors, exclusion: obsidian statue, Onatt's ghost, adept GnCK


Innate Abilities, Weirdness & Mutations

You revert to your normal form in water.
You are very nimble and swift while swimming.
You are very stealthy in the water. (Stealth+)
You are partially covered in rugged brown scales. (AC +1, +3% HP)
Your flesh is heat resistant. (rF+)
You occasionally shout uncontrollably at your foes.
You expend magic power (3 MP) to strengthen your wands.
[You are dopey. (Int -2)]
[You are occasionally teleported next to monsters.]
[You are very weak. (Str -4)]


Message History

* * * LOW HITPOINT WARNING * * *
The ancient zyme closely misses you.
You slice the ancient zyme!!
The ancient zyme is moderately damaged.
The ancient zyme hits you!
* * * LOW HITPOINT WARNING * * *
The ancient zyme hits you.
* * * LOW HITPOINT WARNING * * *
You completely miss the ancient zyme.
The ancient zyme is moderately damaged.
The ancient zyme completely misses you. The ancient zyme closely misses you.
You barely miss the ancient zyme.
The ancient zyme is moderately damaged.
The large abomination closely misses you.
You slice the ancient zyme!!
The ancient zyme is almost destroyed.
The ancient zyme misses you. The ancient zyme hits you!
* * * LOW HITPOINT WARNING * * *
The large abomination hits you!!
You die...

#. ## .#
.##.# ##
..#.# ## #..
.#.. ..
..#... #.
..#
#.#.#.##x##
......X@#.#
...[..##..##
##... #.#.#
### #.####
#. ##


You could see an ancient zyme and a large abomination.

Vanquished Creatures
  A titan (Shoals:3)
  A kraken (Shoals:1)
  Agnes (D:15)
  The ghost of gruber the Slingshot, an adept HaHu of Okawaru (Shoals:3)
  Ilsuiw (Shoals:4)
  A frost giant (Shoals:3)
  A balrug (Abyss:2)
  An orc warlord (Orc:2)
  A deep elf elementalist (Abyss:2)
  A stone giant (Shoals:3)
  A minotaur (Gauntlet)
  A merfolk javelineer (Shoals:4)
  2 green deaths (Abyss:2)
  A fire dragon (D:15)
  4 merfolk impalers
  9 hydras
  An ice dragon (D:15)
  4 centaur warriors
  A merfolk avatar (Shoals:3)
  2 alligator snapping turtles
  A catoblepas (Lair:6)
  An ogre mage (D:15)
  2 dancing weapons (D:13)
  4 merfolk aquamancers
  7 two-headed ogres
  9 death yaks (Lair:6)
  A death knight (D:12)
  A satyr (Shoals:4)
  3 orc high priests
  The ghost of Buarolus the Thaumaturge, a journeyman DEFE of Vehumet (Lair:2)
  A queen ant (Lair:3)
  Urug (D:13)
  4 thrashing horrors (Abyss:2)
  Nergalle (D:10)
  A shock serpent (shapeshifter) (D:15)
  2 sun demons (Abyss:2)
  3 wretched stars (Abyss:2)
  A soul eater (Abyss:2)
  A fire crab (shapeshifter) (D:13)
  A sixfirhy (Abyss:2)
  8 sea snakes
  2 unseen horrors (D:14)
  2 phantasmal warriors (D:12)
  A wizard (Gauntlet)
  2 lindwurms (Lair:6)
  3 deep elf magi
  13 harpies
  12 ugly things
  3 orc knights
  A shining eye (Abyss:2)
  2 orc sorcerers (Orc:2)
  14 manticores
  A centaur zombie (D:15)
  10 cyclopes
  6 elephants
  16 fauns
  13 merfolk sirens
  2 ice statues (IceCv)
  A guardian serpent (Abyss:2)
  5 water nymphs
  An orange demon (Abyss:2)
  6 smoke demons (Abyss:2)
  2 apocalypse crabs (Abyss:2)
  3 black mambas
  5 gargoyles
  14 spiny frogs
  2 hellions (Abyss:2)
  4 rime drakes
  3 komodo dragons
  5 yaktaurs (D:15)
  An ice devil (Abyss:2)
  A kobold demonologist (D:7)
  3 freezing wraiths
  A spectral merfolk (Shoals:3)
  3 ancient zymes (Abyss:2)
  22 merfolk
  6 trolls
  3 polar bears
  3 meliai (D:10)
  A red devil (Abyss:2)
  7 wind drakes
  2 hornets
  5 raiju
  2 spectral manticores (Shoals:3)
  11 blink frogs
  9 dream sheep
  8 snapping turtles
  8 slime creatures
  18 hippogriffs
  A shadow (Abyss:2)
  2 flying skulls (Abyss:2)
  2 ynoxinuls (Abyss:2)
  5 water elementals
  2 vampires
  3 wyverns
  6 basilisks
  25 starcursed masses (Abyss:2)
  An ettin skeleton (Abyss:2)
  2 hungry ghosts
  24 yaks
  7 large abominations (Abyss:2)
  2 steam dragons
  2 wraiths
  3 hogs (D:7)
  A human (D:7)
  Grum (Lair:1)
  6 vampire mosquitoes
  Menkaure (D:5)
  A neqoxec (Abyss:2)
  2 hell hounds (Abyss:2)
  6 soldier ants
  14 water moccasins
  2 acid dragons
  A swamp drake (Lair:6)
  Duvessa (D:5)
  9 porcupines
  43 orc warriors
  10 ice beasts
  6 sky beasts
  A black bear (D:12)
  4 phantoms
  2 eyes of draining
  9 ogres
  22 wolves
  5 small abominations (Abyss:2)
  4 boggarts (D:14)
  2 centaurs
  15 crocodiles
  2 big kobolds
  9 gnoll sergeants
  19 bullfrogs
  An earth elemental (Abyss:2)
  A water nymph simulacrum (Shoals:3)
  4 merfolk simulacra (Shoals:3)
  A scorpion (D:13)
  Dowan (D:5)
  10 killer bees
  4 wights (D:10)
  A vampire bat (D:9)
  4 howler monkeys
  9 crimson imps
  3 bullfrog zombies
  3 quasits
  23 orc priests
  5 bullfrog skeletons
  5 hounds
  6 gnoll shamans (Bailey)
  3 iron imps (Abyss:2)
  2 jellies
  38 orc wizards
  4 centaur skeletons
  Ijyb (D:5)
  3 iguanas
  35 worker ants
  2 lightning spires (Gauntlet)
  A big kobold zombie (Ossuary)
  A hound skeleton (D:4)
  A worker ant zombie (D:6)
  A howler monkey zombie (D:8)
  4 mummies (Ossuary)
  23 gnolls
  10 adders
  5 shadow imps
  2 white imps
  2 adder zombies
  3 adder skeletons
  2 worms
  2 dart slugs
  2 leopard geckos
  91 orcs
  A ball python (D:4)
  4 bat skeletons (D:9)
  2 bat zombies (D:9)
  8 giant cockroaches
  A gnoll zombie (Ossuary)
  14 goblins
  5 hobgoblins
  8 jackals
  21 kobolds
  3 quokkas
  5 bats
  5 frilled lizards
  A jackal skeleton (D:7)
  3 jackal zombies (Ossuary)
  A kobold zombie (Ossuary)
  A leopard gecko skeleton (D:5)
  2 orc zombies (Ossuary)
  A quokka skeleton (D:4)
  2 quokka zombies
  9 rats
  3 rat zombies (Ossuary)
  2 plants
  A tentacle (Shoals:1)
1065 creatures vanquished.

Vanquished Creatures (others)
  A merfolk aquamancer (Shoals:1)
  2 golden eyes (Abyss:2)
  A crimson imp (D:14)
  3 orcs
  3 fungi
  8 plants
  2 starspawn tentacles (Abyss:2)
  16 tentacles (Shoals:1)
36 creatures vanquished.

Grand Total: 1101 creatures vanquished

Notes
Turn   | Place    | Note
-------+----------+-------------------------------------------
     0 | D:1      | Lanoc the Merfolk Berserker began the quest for the Orb.
     0 | D:1      | Reached XP level 1. HP: 18/18 MP: 1/1
   277 | D:1      | Reached XP level 2. HP: 19/24 MP: 2/2
   634 | D:2      | Reached skill level 5 in Polearms
   650 | D:2      | Reached skill level 1 in Throwing
   650 | D:2      | Reached XP level 3. HP: 27/29 MP: 3/3
   686 | D:2      | Reached ** piety under Trog
   819 | D:2      | Found a faded altar of an unknown god.
  1103 | D:3      | Reached XP level 4. HP: 37/37 MP: 4/4
  1225 | D:3      | Reached skill level 6 in Polearms
  1454 | D:3      | Reached XP level 5. HP: 42/42 MP: 5/5
  1965 | D:3      | Reached *** piety under Trog
  2093 | D:4      | Reached XP level 6. HP: 49/49 MP: 6/6
  2109 | D:4      | Reached skill level 7 in Polearms
  2400 | D:4      | Reached XP level 7. HP: 40/55 MP: 7/7
  2590 | D:5      | Entered Level 5 of the Dungeon
  2590 | D:5      | Noticed Dowan
  2595 | D:5      | Noticed Duvessa
  2602 | D:5      | Killed Dowan
  2602 | D:5      | Reached skill level 5 in Dodging
  2611 | D:5      | Killed Duvessa
  2611 | D:5      | Reached skill level 5 in Fighting
  2611 | D:5      | Reached skill level 8 in Polearms
  2681 | D:5      | Found a sand-covered staircase.
  2686 | Ossuary  | Entered an ossuary
  2737 | Ossuary  | Reached **** piety under Trog
  3058 | D:5      | Reached skill level 9 in Polearms
  3169 | D:5      | Received a gift from Trog
  3169 | D:5      | Reached XP level 8. HP: 43/62 MP: 8/8
  3219 | D:5      | Noticed Menkaure
  3225 | D:5      | Killed Menkaure
  3334 | D:5      | Noticed Ijyb
  3346 | D:5      | Killed Ijyb
  3576 | D:5      | Reached skill level 10 in Polearms
  3905 | D:6      | Reached XP level 9. HP: 59/69 MP: 9/9
  4238 | D:7      | Reached skill level 11 in Polearms
  4265 | D:7      | Found a flagged portal.
  4286 | Bailey   | Entered a bailey
  4376 | Bailey   | Reached skill level 5 in Throwing
  4654 | Bailey   | Reached ***** piety under Trog
  4906 | Bailey   | Reached skill level 12 in Polearms
  5221 | D:7      | Noticed a kobold demonologist
  5241 | D:7      | Killed a kobold demonologist
  5279 | D:7      | Received a gift from Trog
  5491 | D:7      | Found a staircase to the Ecumenical Temple.
  5500 | Temple   | Entered the Ecumenical Temple
  5604 | D:7      | Reached XP level 10. HP: 79/79 MP: 10/10
  5797 | D:7      | Reached skill level 13 in Polearms
  6114 | D:8      | Noticed a cyclops
  6163 | D:8      | Noticed a two-headed ogre
  6169 | D:8      | Killed a two-headed ogre
  6391 | D:8      | Killed a cyclops
  6391 | D:8      | Reached skill level 14 in Polearms
  6439 | D:8      | Received a gift from Trog
  6579 | D:8      | Reached XP level 11. HP: 87/87 MP: 11/11
  6890 | D:9      | Found a staircase to the Lair.
  6911 | D:9      | Reached skill level 10 in Dodging
  6963 | D:9      | Found an ancient bone altar of Kikubaaqudgha.
  7032 | D:9      | Received a gift from Trog
  7739 | D:9      | Found a blossoming altar of Fedhas.
  7871 | D:10     | Entered Level 10 of the Dungeon
  7871 | D:10     | Found a staircase to the Orcish Mines.
  7920 | D:10     | Noticed a four-headed hydra
  7921 | D:10     | Got a steaming short sword
  7959 | D:10     | Noticed Nergalle
  8043 | Lair:1   | Entered Level 1 of the Lair of Beasts
  8063 | Lair:1   | Identified the +5 short sword "Ymafyalu" {pierce, Stlth+}
                  | (You found it on level 10 of the Dungeon)
  8122 | Lair:1   | Noticed Grum
  8206 | Lair:1   | Reached skill level 15 in Polearms
  8550 | Lair:1   | Killed Grum
  8714 | Lair:1   | Received a gift from Trog
  9406 | Lair:2   | Reached XP level 12. HP: 95/96 MP: 12/12
  9591 | Lair:2   | Reached skill level 16 in Polearms
  9861 | Lair:2   | Found a runed door.
  9861 | Lair:2   | Noticed Buarolus's ghost (journeyman DEFE)
  9871 | Lair:2   | Killed Buarolus's ghost
 10038 | Lair:3   | Noticed an eight-headed hydra
 10122 | Lair:3   | Found a gate leading to a gauntlet.
 10132 | Gauntlet | Entered a Gauntlet
 10132 | Gauntlet | Found a transporter.
 10141 | Gauntlet | Noticed a queen ant
 10144 | Gauntlet | Found a transporter.
 10157 | Gauntlet | Found a transporter.
 10163 | Gauntlet | Found a transporter.
 10178 | Gauntlet | Found a transporter.
 10197 | Gauntlet | Found a transporter.
 10205 | Gauntlet | Noticed a death yak
 10219 | Gauntlet | Noticed a death yak
 10220 | Gauntlet | Noticed a death yak
 10220 | Gauntlet | Noticed a death yak
 10223 | Gauntlet | Found a transporter.
 10235 | Gauntlet | Found a transporter.
 10247 | Gauntlet | Found a transporter.
 10259 | Gauntlet | Found a transporter.
 10259 | Gauntlet | Noticed a balrug
 10278 | Gauntlet | Found a transporter.
 10294 | Gauntlet | Found a transporter.
 10296 | Gauntlet | Found a transporter.
 10323 | Gauntlet | Found a transporter.
 10341 | Gauntlet | Found a transporter.
 10343 | Gauntlet | Found a transporter.
 10421 | Gauntlet | Found a transporter.
 10441 | Gauntlet | Found a transporter.
 10699 | Gauntlet | Got a warped spear
 10706 | Gauntlet | Got a smoking amethyst amulet
 10716 | Gauntlet | Identified the amulet "Iheopiop" {Acrobat rF+} (You found
                  | it in a Gauntlet)
 10717 | Gauntlet | Identified the cursed +0 spear of Leklerch {pierce, rN+
                  | Int+4 Dex+6} (You found it in a Gauntlet)
 10752 | Gauntlet | Noticed a minotaur
 10754 | Gauntlet | Found the ring of Shadows {Umbra +Inv Stlth+}
 10777 | Gauntlet | Killed a minotaur
 10777 | Gauntlet | Reached skill level 5 in Armour
 10781 | Gauntlet | Identified the Tome of Air and Toxins
 10963 | Lair:3   | Reached skill level 10 in Fighting
 11025 | Lair:3   | Killed an eight-headed hydra
 11481 | Lair:3   | Received a gift from Trog
 11531 | Lair:3   | Noticed a queen ant
 11539 | Lair:3   | Killed a queen ant
 11539 | Lair:3   | Reached skill level 17 in Polearms
 11811 | Lair:3   | Found a staircase to the Shoals.
 11821 | Lair:3   | Found a transporter.
 11828 | Lair:3   | Reached XP level 13. HP: 29/104 MP: 4/13
 12134 | Lair:3   | Found a transporter.
 12778 | Lair:4   | Found a staircase to the Snake Pit.
 12798 | Lair:4   | Received a gift from Trog
 13120 | Lair:4   | Reached skill level 18 in Polearms
 13230 | Lair:4   | Received a gift from Trog
 13991 | Lair:5   | Identified a scroll of acquirement
 13993 | Lair:5   | Got a steaming cloak
 14004 | Lair:5   | Identified the +0 cloak of an ice cave {rN+++ Str-5 Dex+8
                  | Slay-4} (You acquired it on level 5 of the Lair of Beasts)
 14293 | Lair:6   | Entered Level 6 of the Lair of Beasts
 14611 | Lair:6   | Reached skill level 10 in Throwing
 14830 | Lair:6   | Found a staircase to the Slime Pits.
 14830 | Lair:6   | Found a viscous altar of Jiyva.
 14900 | Lair:6   | Reached XP level 14. HP: 67/113 MP: 4/14
 14942 | Lair:6   | Reached skill level 19 in Polearms
 16341 | D:10     | Killed Nergalle
 17231 | D:11     | Received a gift from Trog
 17282 | D:11     | Found a flickering gateway to a bazaar.
 17290 | Bazaar   | Entered a bazaar
 17302 | Bazaar   | Found Ymabbiur's General Store.
 17322 | Bazaar   | Found Ecaytonn's Antique Weapon Shoppe.
 17331 | Bazaar   | Found Edal's Assorted Antiques.
 17345 | Bazaar   | Found Kiseniu's Food Emporium.
 17349 | Bazaar   | Bought a ration for 45 gold pieces
 17349 | Bazaar   | Bought a ration for 45 gold pieces
 17389 | Bazaar   | Found Obielafa's Distillery.
 17397 | Bazaar   | Bought a potion of heal wounds for 70 gold pieces
 17397 | Bazaar   | Bought 2 potions of curing for 84 gold pieces
 17397 | Bazaar   | Bought a potion of haste for 140 gold pieces
 18552 | D:12     | Found Kygg's Gadget Emporium.
 18569 | D:12     | Received a gift from Trog
 18670 | D:12     | Found a shattered altar of Ashenzari.
 19556 | D:13     | Found a portal to a secret trove of treasure.
 19628 | D:13     | Reached skill level 20 in Polearms
 19885 | D:13     | Found a gate to the Vaults.
 19959 | D:13     | Noticed Urug
 19972 | D:13     | Killed Urug
 20533 | D:13     | Got a scintillating iron ring
 20535 | D:13     | Identified the ring "Ysugiag" {rF+ Str+2 Dex-2 Stlth+} (You
                  | found it on level 13 of the Dungeon)
 20546 | D:13     | Reached XP level 15. HP: 76/121 MP: 5/15
 21352 | D:14     | You fall through a shaft!
 21352 | D:15     | Entered Level 15 of the Dungeon
 21721 | D:15     | Received a gift from Trog
 21871 | D:15     | Noticed Agnes
 21880 | D:15     | Killed Agnes
 22313 | D:15     | Reached ****** piety under Trog
 22355 | D:15     | Received a gift from Trog
 22395 | D:15     | Reached skill level 21 in Polearms
 23027 | D:15     | Found a staircase to the Depths.
 23414 | Depths:1 | Entered Level 1 of the Depths
 23646 | Orc:1    | Entered Level 1 of the Orcish Mines
 23973 | D:10     | Received a gift from Trog
 24066 | Orc:1    | Found a roughly hewn altar of Beogh.
 24562 | Orc:2    | Entered Level 2 of the Orcish Mines
 24569 | Orc:2    | Found a frozen archway.
 24593 | Orc:2    | Received a gift from Trog
 24625 | IceCv    | Entered an ice cave
 24651 | IceCv    | Found a transporter.
 24669 | IceCv    | Found a transporter.
 24689 | IceCv    | Reached skill level 15 in Dodging
 24706 | IceCv    | Got a smoking ring mail
 24718 | IceCv    | Identified the cursed +1 ring mail "Agguduve" {rF- rC-
                  | Str+8 Stlth+} (You found it in an ice cave)
 25282 | Orc:2    | Received a gift from Trog
 25284 | Orc:2    | Got an iridescent glaive {god gift}
 25293 | Orc:2    | Identified the +10 glaive "Cesi" {drain, rPois Str+3
                  | Stlth-} (Trog gifted it to you on level 2 of the Orcish
                  | Mines)
 25400 | Orc:2    | Found a roughly hewn altar of Beogh.
 25523 | Orc:2    | Reached XP level 16. HP: 130/130 MP: 16/16
 25618 | Orc:2    | Found a staircase to the Elven Halls.
 25653 | Orc:2    | Found a roughly hewn altar of Beogh.
 25672 | Orc:2    | Found Xuipsizio's Antique Armour Boutique.
 25750 | Orc:2    | Found a roughly hewn altar of Beogh.
 25779 | Orc:2    | Found a roughly hewn altar of Beogh.
 25906 | Orc:2    | Found a roughly hewn altar of Beogh.
 25946 | Orc:2    | Received a gift from Trog
 25982 | Orc:2    | Found Xischic's Antique Armour Shoppe.
 25983 | Orc:2    | Found a roughly hewn altar of Beogh.
 25984 | Orc:2    | Found Suffy's Antique Weapon Emporium.
 26097 | Orc:2    | Paralysed by an orc sorcerer for 3 turns
 26147 | Orc:2    | Found a roughly hewn altar of Beogh.
 26170 | Orc:2    | Found Ipotuetu's Antique Weapon Shoppe.
 27045 | D:14     | Reached skill level 22 in Polearms
 27050 | D:14     | Received a gift from Trog
 27541 | Shoals:1 | Entered Level 1 of the Shoals
 27682 | Shoals:1 | Noticed a kraken
 27796 | Shoals:1 | Found Fufiem's Distillery.
 27854 | Shoals:1 | Bought a potion of might for 56 gold pieces
 27854 | Shoals:1 | Bought a potion of agility for 56 gold pieces
 27854 | Shoals:1 | Bought a potion of curing for 42 gold pieces
 27854 | Shoals:1 | Bought a potion of curing for 42 gold pieces
 28377 | Shoals:1 | Found a white marble altar of Elyvilon.
 28382 | Shoals:1 | Noticed a kraken
 28421 | Shoals:1 | Killed a kraken
 28813 | Shoals:2 | Found a runed gate.
 28814 | Shoals:2 | Found a runed gate.
 28814 | Shoals:2 | Found an opulent altar of Gozag.
 28815 | Shoals:2 | Found a runed gate.
 28823 | Shoals:2 | Noticed Onatt's ghost (adept GnCK)
 29212 | Shoals:2 | Received a gift from Trog
 30607 | Shoals:3 | Noticed a titan
 30638 | Shoals:3 | Reached XP level 17. HP: 87/138 MP: 17/17
 30780 | Shoals:3 | Killed a titan
 30901 | Shoals:3 | Found a runed gate.
 30901 | Shoals:3 | Found a runed gate.
 30901 | Shoals:3 | Found a runed gate.
 30901 | Shoals:3 | Noticed gruber's ghost (adept HaHu)
 31005 | Shoals:3 | Reached skill level 23 in Polearms
 31507 | Shoals:3 | Killed gruber's ghost
 31520 | Shoals:3 | Received a gift from Trog
 31592 | Shoals:4 | Entered Level 4 of the Shoals
 31622 | Shoals:4 | Noticed Ilsuiw
 31866 | Shoals:4 | Killed Ilsuiw
 32593 | Shoals:4 | Got a warped bronze ring
 32595 | Shoals:4 | Identified the ring of the Neverending Queens {Ice rElec
                  | Int+6 Stlth+} (You found it on level 4 of the Shoals)
 33345 | Shoals:4 | Cast into level 2 of the Abyss (merfolk impaler)
 33572 | Abyss:2  | Received a gift from Trog
 33607 | Abyss:2  | Gained mutation: Your mind is acute. (Int +2) [potion of
                  | mutation]
 33607 | Abyss:2  | Gained mutation: You expend magic power (3 MP) to
                  | strengthen your wands. [potion of mutation]
 33768 | Abyss:2  | Noticed a tentacled starspawn
 34450 | Abyss:2  | Reached skill level 24 in Polearms
 34480 | Abyss:2  | Reached XP level 18. HP: 66/147 MP: 18/18
 34485 | Abyss:2  | Gained mutation: You are frail. (-10% HP) [a shining eye]
 34490 | Abyss:2  | Lost mutation: You are frail. (-10% HP) [potion of
                  | mutation]
 34490 | Abyss:2  | Lost mutation: You expend magic power (3 MP) to strengthen
                  | your wands. [potion of mutation]
 34490 | Abyss:2  | Lost mutation: Your mind is acute. (Int +2) [potion of
                  | mutation]
 34490 | Abyss:2  | Gained mutation: You expend magic power (3 MP) to
                  | strengthen your wands. [potion of mutation]
 34490 | Abyss:2  | Gained mutation: You are partially covered in rugged brown
                  | scales. (AC +1, +3% HP) [potion of mutation]
 34490 | Abyss:2  | Gained mutation: You occasionally shout uncontrollably at
                  | your foes. [potion of mutation]
 34490 | Abyss:2  | Gained mutation: Your flesh is heat resistant. (rF+)
                  | [potion of mutation]
 34645 | Abyss:2  | Received a gift from Trog
 35054 | Abyss:2  | Slain by a large abomination

Vault maps used:
D:1:      erik_arrival_cave_to_civilisation
D:2:      chequers_ecumenical_altar_island, minmay_tiny_reverse_x
D:3:      first_ration, minivault_23
D:4:      kennysheep_generic_room_10
D:5:      enter_ossuary_2, corexii_leaking_fountain, uniq_menkaure,
          uniq_duvessa, uniq_ijyb
D:6:      mrwooster_statue_mirror, grunt_ministairs_10, minmay_misc_feat_cross
D:7:      minmay_temple_entry_mini_moons, enter_bailey_3, grunt_livestock
D:9:      kennysheep_vampire_church, david_lair_generic, basic_altar,
          chequers_serial_rivers_marsh
D:10:     orc_0_dummy, minmay_misc_feat_alley, lemuel_flame_loot_1,
          uniq_nergalle
D:11:     serial_shops, bzr_entry_water
D:12:     serial_shops, shop, basic_altar
D:13:     erik_vaults_1, enter_trove_2, minmay_fountain_box,
          minmay_misc_feat_square, uniq_urug
D:15:     grunt_enter_depths_hoard, grunt_ministairs_12, uniq_agnes
Temple:   compressed_dpeg_triangle_lava_temple
Lair:1:   uniq_grum
Lair:2:   ebering_ghost_reflecting_pool
Lair:3:   gammafunk_cloud_chamber, elwin_shoals_entry_stream,
          gauntlet_entry_generic, minivault_27, st_stairs_8,
          minmay_another_anthill
Lair:4:   dummy_snake_entry
Lair:5:   grunt_megastairs_5
Lair:6:   hangedman_lair_in_review, guppyfry_lair_end_dragon, slime_altar_1,
          chequers_serial_rivers_large_a, minivault_27
Shoals:1: serial_shops, shop_statue, wheals_shoals_ruined_temple
Shoals:2: ebering_ghost_gozag
Shoals:3: gammafunk_ghost_necromancy, nicolae_shoals_circle_sea_wall,
          st_sunken_temple
Shoals:4: shoals_end_grunt_ice, shoals_ilsuiw_alternative
Orc:1:    mines1_david
Orc:2:    grunt_orc_community_town_hall, grunt_orc_community_big_house_2,
          grunt_orc_community_big_house_2, grunt_orc_community_house_2,
          grunt_orc_community_house_1, grunt_orc_community_house_1,
          grunt_orc_community_house_1, grunt_orc_community_house_2, basic_altar,
          portal_ice_cave_entry_animals_and_master
Depths:1: hellmouth_1, abyss_entry_small_statue_room, pan_entry,
          minmay_misc_feat_pillars, roderic_cross_of_infinity,
          ashenzari_altar_1, serial_bayou_shore_a
Abyss:2:  abyss_exit_lava
Bazaar:   bazaar_jpeg_ninerooms_1
Ossuary:  ossuary_minmay_tomb_2a
Bailey:   bailey_polearm_gnolls_kennysheep, bailey
IceCv:    ice_cave_statue_garden_transporter
Gauntlet: gammafunk_gauntlet_one_two_three

Skill      XL: |  1  2  3  4  5  6  7  8  9 10 11 12 13 14 15 16 17 |
---------------+----------------------------------------------------+-----
Dodging        | 3 4 5 7 8 9 10 12 13 14 15 16 | 16.9
Polearms       | 5 6 7 9 10 12 14 15 17 18 20 21 22 24 | 24.2
Throwing       | 1 2 3 4 5 6 8 9 10 11 12 13 | 13.2
Fighting       | 4 5 6 7 8 9 10 11 12 13 14 | 14.7
Armour         | 2 3 4 5 6 7 8 9 |  9.8

Action                   |  1- 3 |  4- 6 |  7- 9 | 10-12 | 13-15 | 16-18 || total
-------------------------+-------+-------+-------+-------+-------+-------++-------
Melee: Spear             |   101 |   200 |   643 |   136 |   129 |       ||  1209
       Halberd           |       |       |    36 |   500 |       |       ||   536
       Tailslap          |       |       |     9 |       |     2 |    30 ||    41
       Bardiche          |       |       |       |    99 |  1072 |       ||  1171
       Glaive            |       |       |       |       |    35 |  1174 ||  1209
 Fire: Blowgun           |       |       |       |    12 |       |     2 ||    14
Throw: Throwing net      |       |       |       |     2 |     3 |     1 ||     6
       Tomahawk          |       |       |       |       |       |    22 ||    22
Invok: Berserk           |       |     7 |    18 |    18 |    37 |    15 ||    95
  Use: Scroll            |     2 |       |    13 |    11 |    16 |     8 ||    50
       Potion            |       |     6 |     1 |     4 |    19 |     7 ||    37
 Stab: Sleeping          |     2 |     2 |     2 |     1 |     5 |     1 ||    13
       Invisible         |       |     1 |       |       |       |       ||     1
       Distracted        |       |       |     1 |       |       |     2 ||     3
       Held in net/web   |       |       |       |       |       |     2 ||     2
  Eat: Chunk             |       |    12 |    22 |    29 |    57 |    21 ||   141
       Ration            |       |       |     1 |     3 |     6 |     7 ||    17
Armor: Animal skin       |     4 |       |       |       |       |       ||     4
       Robe              |     2 |     8 |    19 |       |       |       ||    29
       Leather armour    |       |       |    13 |    37 |       |       ||    50
       Scale mail        |       |       |       |    79 |   129 |       ||   208
       Ice dragon scales |       |       |       |       |   211 |   199 ||   410
Dodge: Dodged            |    35 |    81 |   260 |   485 |  1236 |   752 ||  2849
Block: Other             |       |    20 |    21 |       |       |       ||    41
       Reflection        |       |     2 |       |       |       |       ||     2

Table legend:
 A = Non-vault XP
 B = Vault XP
 C = Vault XP percentage of total XP
 D = Non-vault monster count
 E = Vault monster count
 F = Vault count percentage of total count
                 A         B        C        D         E       F
            +---------+---------+-------+---------+---------+-------
      Total |  180015 |   74142 |  29.2 |     790 |     274 |  25.8
            +---------+---------+-------+---------+---------+-------
        D:1 |      19 |       0 |   0.0 |      11 |       0 |   0.0
        D:2 |      57 |       4 |   6.6 |      19 |       2 |   9.5
        D:3 |     201 |       0 |   0.0 |      36 |       0 |   0.0
        D:4 |     323 |      40 |  11.0 |      22 |       1 |   4.3
        D:5 |     660 |     420 |  38.9 |      14 |       4 |  22.2
        D:6 |     481 |      36 |   7.0 |      13 |       1 |   7.1
        D:7 |    1544 |     980 |  38.8 |      30 |       9 |  23.1
        D:8 |    3266 |       0 |   0.0 |      41 |       0 |   0.0
        D:9 |    1795 |    1243 |  40.9 |      32 |      11 |  25.6
       D:10 |    5452 |     816 |  13.0 |      31 |       1 |   3.1
       D:11 |     489 |       0 |   0.0 |       5 |       0 |   0.0
       D:12 |    6005 |       0 |   0.0 |      31 |       0 |   0.0
       D:13 |    8008 |    2639 |  24.8 |      30 |       3 |   9.1
       D:14 |   12405 |       0 |   0.0 |      48 |       0 |   0.0
       D:15 |   19703 |    5360 |  21.4 |      53 |       5 |   8.6
     Lair:1 |    3437 |     527 |  13.3 |      19 |       4 |  17.4
     Lair:2 |    4428 |     857 |  16.2 |      22 |       1 |   4.3
     Lair:3 |    4465 |    3992 |  47.2 |      18 |      28 |  60.9
     Lair:4 |    7421 |       0 |   0.0 |      29 |       0 |   0.0
     Lair:5 |    2901 |     145 |   4.8 |      15 |       1 |   6.2
     Lair:6 |   11479 |   11126 |  49.2 |      25 |      23 |  47.9
   Shoals:1 |   14022 |    2831 |  16.8 |      30 |       2 |   6.2
   Shoals:2 |   12300 |       0 |   0.0 |      28 |       0 |   0.0
   Shoals:3 |    9886 |   13039 |  56.9 |      20 |      19 |  48.7
   Shoals:4 |   10996 |   12862 |  53.9 |      24 |      17 |  41.5
      Orc:1 |    2974 |       0 |   0.0 |      35 |       0 |   0.0
      Orc:2 |    1252 |   10557 |  89.4 |      18 |      77 |  81.1
    Abyss:2 |   34046 |       0 |   0.0 |      91 |       0 |   0.0
    Ossuary |       0 |     116 | 100.0 |       0 |      16 | 100.0
     Bailey |       0 |    1222 | 100.0 |       0 |      30 | 100.0
      IceCv |       0 |    2816 | 100.0 |       0 |      10 | 100.0
   Gauntlet |       0 |    2514 | 100.0 |       0 |       9 | 100.0
            +---------+---------+-------+---------+---------+-------
